AoeStats
← ZealoT

Arabia

510192587Analyzed
1v1 RM · 4d ago on Sep 29, 2026· 41m 41s· 2 players
Game mode
Random Map
Map size
Tiny (2 player)
Population
200
Speed
Normal
Resources
Standard
Victory
Conquest
Starting age
Dark Age
Ending age
Imperial Age
RankedLock teamsTeams togetherTeam positionsShared explorationLock speedFull tech treeHidden civsTurbo modeCheats
Victory
Defeat
🇬🇹 Sicilians · Guatemala
1878
+17
🇧🇪 Dravidians · Belgium
1893
-17
ZealoT
6:47 Loom
9:27 Feudal Age
10:09 Double-Bit Axe
18:57 Castle Age
17:15 Horse Collar
19:37 Scale Mail Armor
26:12 Forging
35:25 Wheelbarrow
41:35 Imperial Age
Alakay
7:23 Loom
9:51 Feudal Age
14:15 Castle Age
12:46 Double-Bit Axe
15:41 Horse Collar
16:04 Scale Mail Armor
25:21 Forging
38:35 Chain Mail Armor
Connection lost

Rejoining the realm…

Still unreachable

The connection could not be restored.

Session expired

The server has moved on; the page needs a fresh start.